 Dungeon Sprint DCSS version 0.27.0-66-gdc8fb28755 (webtiles) character file.

Game seed: 9825379977513895903

4827 styxcanada the Imperceptible (level 10, -2/53 HPs)
             Began as a Spriggan Brigand on Aug 20, 2021.
             Was an Initiate of Gozag.
             Slain by a spriggan rider (19 damage)
             ... in the Dungeon (Sprint IV: "Fedhas' Mad Dash").
             The game lasted 00:10:12 (1286 turns).

styxcanada the Imperceptible (Spriggan Brigand)     Turns: 1286, Time: 00:10:15

Health: -2/53      AC:  5    Str:  7    XL:     10   Next: 25%
Magic:  18/21      EV: 24    Int: 14    God:    Gozag
Gold:   1167       SH:  0    Dex: 19    Spells: 16/23 levels left

rFire    . . .     SeeInvis +   a - +2 dagger
rCold    . . .     Faith    .   (shield restricted)
rNeg     . . .     Spirit   .   b - +0 robe
rPois    .         Reflect  .   l - +2 hat
rElec    .         Harm     .   c - +0 cloak
rCorr    .         Rampage  .   (gloves unavailable)
Will     +....     NoTele   +   (boots unavailable)
Stlth    ++++++++..             j - amulet of invisibility {+Inv}
HPRegen  0.17/turn              (no ring)
MPRegen  0.17/turn              (no ring)

@: gold aura, very slightly contaminated, studying Maces & Flails, invisible,
very quick
A: very small, no large weapons, unfitting armour, see invisible, speed 3
a: Renounce Religion, Evoke Invisibility, Potion Petition, Call Merchant, Bribe
Branch


You were in the Dungeon.
You worshipped Gozag.
Gozag was most pleased with you.
You visited 1 branch You collected 1960 gold pieces.
You spent 793 gold pieces at shops.

Inventory:

Hand Weapons
 a - a +2 dagger (weapon)
 p - a +2 rapier of venom
Missiles
 d - 8 poisoned darts (quivered)
 e - 2 curare-tipped darts
 m - 8 stones
 w - 3 boomerangs
Armour
 b - a +0 robe (worn)
 c - a +0 cloak (worn)
 l - a +2 hat (worn)
Jewellery
 j - the amulet of invisibility (around neck) {+Inv}
   (You found it in the Dungeon)

   [amulet of nothing]

   +Inv:      It lets you turn invisible.
 v - a ring of protection from cold
Scrolls
 k - a scroll of blinking
 o - a scroll of identify
 q - a scroll of fog
 s - 2 scrolls of vulnerability
 t - a scroll of immolation
 u - 3 scrolls of silence
Potions
 f - a potion of curing
 g - a potion of heal wounds
 h - a potion of haste
 i - 2 potions of magic
 n - a potion of ambrosia
 r - a potion of cancellation


   Skills:
 * Level 6.0 Fighting
 + Level 5.4 Short Blades
 + Level 3.2 Throwing
 * Level 9.5 Dodging
 * Level 22.9 Stealth
 * Level 7.1 Spellcasting
 * Level 3.3 Conjurations
 * Level 3.5 Ice Magic
 * Level 5.1 Air Magic
 * Level 5.5 Poison Magic
 * Level 10.2 Evocations


You had 16 spell levels left.
You knew the following spells:

 Your Spells              Type           Power      Damage    Failure   Level
a - Poisonous Vapours     Pois/Air       38%        N/A       2%          2
b - Freezing Cloud        Conj/Ice/Air   8%         6-21      58%         5

Your spell library contained the following spells:

 Spells                   Type           Power      Damage    Failure   Level
 Corpse Rot               Necr/Air       N/A        N/A       8%          2
 Summon Guardian Golem    Hex/Summ       4%         N/A       38%         3
 Orb of Destruction       Conj           7%         9d3       100%        7
 Spellforged Servitor     Conj/Summ      4%         N/A       100%        7


Dungeon Overview and Level Annotations

Branches:
Dungeon (1/1)

Altars:
Cheibriados
Dithmenos
Elyvilon
Gozag
Hepliaklqana
Kikubaaqudgha
Makhleb
Nemelex Xobeh
Okawaru
Qazlal
Ru
Sif Muna
Trog
Uskayaw
Vehumet
Wu Jian
Xom
Yredelemnul
Zin
The Shining One
Beogh
Jiyva
Lugonu

Shops:
D **[*[(


Innate Abilities, Weirdness & Mutations

You are very small and have problems with some larger weapons.
You are too small for most types of armour.
You have supernaturally acute eyesight. (SInv)
You cover ground extremely quickly. (Speed+++)


Message History

There is an open door here.
There is an open door here.
Your +2 rapier of venom stops dripping with poison.
a - a +2 dagger (weapon)
You fade into invisibility!
You are very lightly contaminated with residual magic.
You open the door. 2 spriggans and a spriggan rider come into view.
Found Wetsoix's Armour Emporium.
There is an open door here.
The helpless spriggan fails to defend itself.
You stick the spriggan like a pincushion!!!!!
You kill the spriggan!
Your Spellcasting skill increases to level 7!
Found 4 gold pieces.
Found Tioni's Weapon Shoppe.
Found 12 gold pieces.
The helpless spriggan fails to defend itself.
You stick the spriggan like a pincushion!!!!!
You kill the spriggan!
The spriggan rider shouts!
The spriggan rider is distracted by your dazzling golden aura.
You miss the spriggan rider.
The spriggan rider is no longer distracted by gold.
The spriggan rider shouts!
The spriggan rider completely misses you.
The spriggan rider blocks your attack.
The spriggan rider hits you with a +0 spear!
You hit the spriggan rider.
The spriggan rider is lightly wounded.
The spriggan rider hits you with a +0 spear!!
Ouch! That really hurt!
Cast which spell? (? or * to list)
Aiming: Poisonous Vapours (safe; 2% risk of failure)
Press: ? - help, Dir - move target, f - spriggan rider
Aim: a spriggan rider, wielding a +0 spear and wearing a +0 buckler (lightly wounded) Poisonous vapours surround the spriggan rider!
The spriggan rider is poisoned.
The spriggan rider hits you from afar with a +0 spear!!
You die...
Your body crumbles into a pile of gold.

################
#..'.))#....##∩#
'..#...#....'.|##+#
#..###'##..[##∩#$$####
#..##∩∩.'...#####....#
#################.i.∩#
#####......###..@.$♣.#
+.)'.......'.'..$♣..∩#
#..#.P.....###########
##+##......# #
######## #


You could see a spriggan rider (poisoned).

Vanquished Creatures
  A spriggan druid (D)
  6 oklob plants (D)
  3 wandering mushrooms (D)
  A queen bee (D)
  3 burning bushes (D)
  3 scorpions (D)
  4 killer bees (D)
  5 oklob saplings (D)
  4 spriggans (D)
  A river rat (D)
  A rat (D)
  A ballistomycete spore (D)
33 creatures vanquished.

Vanquished Creatures (others)
  A fungus (D)
1 creature vanquished.

Grand Total: 34 creatures vanquished

Notes
Turn   | Place    | Note
-------+----------+-------------------------------------------
     0 | D        | styxcanada the Spriggan Brigand began the quest for the
                  | Orb.
     0 | D        | Reached XP level 1. HP: 10/10 MP: 2/2
     9 | D        | Reached skill level 8 in Stealth
     9 | D        | Reached XP level 2. HP: 15/15 MP: 3/3
    22 | D        | Noticed an oklob sapling
    26 | D        | Killed an oklob sapling
    27 | D        | Reached skill level 10 in Stealth
    27 | D        | Reached XP level 3. HP: 18/18 MP: 4/4
    48 | D        | Found the amulet of invisibility {+Inv}
    48 | D        | Noticed a scorpion
    50 | D        | Killed a scorpion
    51 | D        | Reached skill level 12 in Stealth
    51 | D        | Reached XP level 4. HP: 23/23 MP: 5/5
    75 | D        | Found an opulent altar of Gozag.
    75 | D        | Found a hazy altar of Hepliaklqana.
    75 | D        | Found a burning altar of Makhleb.
    75 | D        | Found a sparkling altar of Nemelex Xobeh.
    75 | D        | Found a snail-covered altar of Cheibriados.
    75 | D        | Found a sacrificial altar of Ru.
    75 | D        | Found a shimmering blue altar of Sif Muna.
    75 | D        | Found a shimmering altar of Xom.
    75 | D        | Found a basalt altar of Yredelemnul.
    76 | D        | Found a viscous altar of Jiyva.
    76 | D        | Found a bloodstained altar of Trog.
    76 | D        | Found an ornate altar of the Wu Jian Council.
    77 | D        | Found an iron altar of Okawaru.
    77 | D        | Found a shadowy altar of Dithmenos.
    77 | D        | Found a glowing silver altar of Zin.
    78 | D        | Found an ancient bone altar of Kikubaaqudgha.
    78 | D        | Found a hide-covered altar of Uskayaw.
    79 | D        | Found a stormy altar of Qazlal.
    79 | D        | Found a white marble altar of Elyvilon.
    79 | D        | Found a glowing golden altar of the Shining One.
    80 | D        | Became a worshipper of Gozag Ym Sagoz the Greedy
    81 | D        | Found a corrupted altar of Lugonu.
    81 | D        | Found a radiant altar of Vehumet.
    85 | D        | Reached skill level 13 in Stealth
    85 | D        | Reached XP level 5. HP: 28/28 MP: 3/6
    97 | D        | Reached skill level 5 in Dodging
    97 | D        | Reached skill level 14 in Stealth
    97 | D        | Reached skill level 1 in Evocations
   138 | D        | Reached skill level 15 in Stealth
   140 | D        | Reached XP level 6. HP: 32/32 MP: 4/7
   172 | D        | Found Muzig's Assorted Antiques.
   173 | D        | Found Dujugiy's General Store.
   178 | D        | Bought a book of Vapours for 336 gold pieces
   181 | D        | Learned a level 2 spell: Poisonous Vapours
   195 | D        | Noticed a burning bush
   195 | D        | Noticed a wandering mushroom
   196 | D        | Noticed a wandering mushroom
   199 | D        | Killed a burning bush
   200 | D        | Reached skill level 17 in Stealth
   200 | D        | Reached skill level 1 in Air Magic
   200 | D        | Killed a wandering mushroom
   201 | D        | Reached skill level 18 in Stealth
   201 | D        | Reached XP level 7. HP: 37/37 MP: 5/13
   201 | D        | Killed a wandering mushroom
   202 | D        | Reached skill level 19 in Stealth
   202 | D        | Reached skill level 5 in Evocations
   215 | D        | Found Moplaf's Assorted Antiques.
   215 | D        | Found Katruess's Armour Shoppe.
   223 | D        | Bought a scroll labelled QEQUNNUSKI for 31 gold pieces
   223 | D        | Bought a scroll labelled VOOFFI CONAT for 31 gold pieces
   223 | D        | Bought a scroll labelled QEQUNNUSKI for 31 gold pieces
   223 | D        | Bought a scroll labelled CAECLO CAP for 31 gold pieces
   223 | D        | Bought a scroll labelled QEQUNNUSKI for 31 gold pieces
   223 | D        | Bought a lumpy golden potion for 27 gold pieces
   231 | D        | Bought 3 scrolls labelled YSMIL ACKISS for 75 gold pieces
   231 | D        | Bought a scroll labelled QYNKOCU NOAH for 25 gold pieces
   231 | D        | Bought a scroll labelled QEQUNNUSKI for 25 gold pieces
   231 | D        | Bought a scroll labelled YKAOVO TEOWI for 25 gold pieces
   231 | D        | Bought a wooden ring for 125 gold pieces
   432 | D        | Learned a level 5 spell: Freezing Cloud
   453 | D        | Reached XP level 8. HP: 42/42 MP: 12/15
   459 | D        | Noticed a queen bee
   466 | D        | Killed a queen bee
   471 | D        | Reached skill level 1 in Conjurations
   471 | D        | Reached skill level 1 in Ice Magic
   553 | D        | Noticed an oklob plant
   556 | D        | Killed an oklob plant
   557 | D        | Reached skill level 20 in Stealth
   557 | D        | Reached skill level 5 in Spellcasting
   571 | D        | Noticed a burning bush
   574 | D        | Killed a burning bush
   575 | D        | Reached skill level 5 in Fighting
   575 | D        | Reached XP level 9. HP: 47/47 MP: 16/18
   611 | D        | Noticed a burning bush
   611 | D        | Noticed an oklob plant
   612 | D        | Noticed a wandering mushroom
   613 | D        | Killed a burning bush
   618 | D        | Killed an oklob plant
   619 | D        | Reached skill level 5 in Short Blades
   619 | D        | Reached skill level 21 in Stealth
   622 | D        | Killed a wandering mushroom
   688 | D        | Noticed a spriggan druid
   690 | D        | Killed a spriggan druid
   691 | D        | Reached skill level 5 in Poison Magic
   777 | D        | Noticed an oklob plant conjurer
   778 | D        | Killed an oklob plant conjurer
   779 | D        | Reached skill level 22 in Stealth
   898 | D        | Noticed an oklob plant
   898 | D        | Noticed an oklob plant summoner
   899 | D        | Noticed an oklob plant shifter
   903 | D        | Killed an oklob plant
   904 | D        | Reached XP level 10. HP: 53/53 MP: 17/21
   905 | D        | Killed an oklob plant summoner
   908 | D        | Killed an oklob plant shifter
   909 | D        | Reached skill level 5 in Air Magic
   909 | D        | Reached skill level 10 in Evocations
  1272 | D        | Noticed a spriggan rider
  1273 | D        | Found Wetsoix's Armour Emporium.
  1277 | D        | Found Tioni's Weapon Shoppe.
  1286 | D        | Slain by a spriggan rider

Illustrated notes

Levels and vault maps discovered:
D:        dungeon_sprint_fedhas [sprint_temple]

Skill      XL: |  1  2  3  4  5  6  7  8  9 10 |
---------------+-------------------------------+-----
Dodging        | 2 3 4 5 6 7 8 9 |  9.5
Stealth        | 8 10 12 13 15 18 19 20 22 | 22.9
Fighting       | 2 3 4 5 6 |  6.0
Short Blades   | 3 4 5 |  5.4
Evocations     | 2 4 5 7 9 10 | 10.2
Throwing       | 3 |  3.2
Spellcasting   | 3 4 5 6 7 |  7.1
Air Magic      | 2 3 4 5 |  5.1
Poison Magic   | 2 3 4 5 |  5.5
Conjurations   | 1 3 |  3.3
Ice Magic      | 1 3 |  3.5

Action                   |  1- 3 |  4- 6 |  7- 9 | 10-12 || total
-------------------------+-------+-------+-------+-------++-------
Melee: Dagger            |     5 |     7 |    21 |     8 ||    41
       Rapier            |       |       |       |     8 ||     8
 Cast: Poisonous Vapours |       |       |       |     1 ||     1
 Abil: Evoke Invisibilit |       |     3 |     6 |     1 ||    10
  Use: Potion            |     1 |       |       |       ||     1
       Scroll            |       |       |     8 |       ||     8
 Stab: Sleeping          |     3 |     7 |    14 |     4 ||    28
       Invisible         |       |       |     4 |       ||     4
Armor: Robe              |       |       |       |     1 ||     1
Dodge: Dodged            |       |       |     7 |    26 ||    33
